 Dungeon Crawl Stone Soup version 0.25.1-2-g60ff931df9 (webtiles) character file.

Game seed: 8087818396395218029

2520 JayGee the Cleaver (level 9, -9/71 HPs)
             Began as a Minotaur Fighter on Oct 17, 2020.
             Was a Follower of Makhleb.
             Mangled by a hornet (12 damage)
             ... on level 8 of the Dungeon.
             The game lasted 00:25:29 (7594 turns).

JayGee the Cleaver (Minotaur Fighter)               Turns: 7594, Time: 00:25:29

Health: -9/71      AC:  6    Str: 25    XL:     9   Next: 29%
Magic:  8/8        EV:  8    Int:  5    God:    Makhleb [*.....]
Gold:   165        SH:  9    Dex:  9    Spells: 8/8 levels left

rFire    . . .     SeeInvis .   a - +0 war axe
rCold    . . .     Gourm    .   c - +0 kite shield
rNeg     . . .     Faith    .   n - +1 ring mail {rPois}
rPois    +         Spirit   .   (helmet restricted)
rElec    .         Reflect  .   (no cloak)
rCorr    .         Harm     .   (no gloves)
MR       .....                  (no boots)
Stlth    ..........             (no amulet)
HPRegen  0.21/turn              (no ring)
MPRegen  0.11/turn              (no ring)

@: mighty
A: retaliatory headbutt, horns 2
a: Renounce Religion


You were on level 8 of the Dungeon.
You worshipped Makhleb.
Makhleb was aware of your devotion.
You were not hungry.

You visited 2 branches of the dungeon, and saw 9 of its levels.

You collected 397 gold pieces.
You spent 232 gold pieces at shops.

Inventory:

Hand Weapons
 a - a +0 war axe (weapon)
Missiles
 y - 2 throwing nets (quivered)
Armour
 b - a +0 scale mail
 c - a +0 kite shield (worn)
 l - a +0 plate armour
 n - a +1 ring mail of poison resistance (worn)
Wands
 w - a wand of polymorph (8)
Scrolls
 e - 4 scrolls of teleportation
 h - a scroll of amnesia
 i - a scroll of fear
 j - 6 scrolls of identify
 k - a scroll of remove curse
 q - a scroll of noise
 x - a scroll of immolation {unknown}
 z - a scroll of enchant armour {unknown}
Potions
 g - a potion of degeneration {unknown}
 m - 3 potions of haste
 o - 3 potions of lignification {unknown}
 p - a potion of cancellation {unknown}
 r - a potion of brilliance {unknown}
 s - 2 potions of flight {unknown}
 t - a potion of mutation {unknown}
 u - 2 potions of invisibility {unknown}
Comestibles
 f - 7 rations
 v - 6 chunks of flesh


   Skills:
 - Level 4.0 Fighting
 + Level 14.2 Axes
 - Level 4.0 Armour
 - Level 4.0 Shields


You had 8 spell levels left.
You didn't know any spells.
Your spell library contained the following spells:

 Spells                   Type           Power        Failure   Level  Hunger
 Magic Dart               Conj           #...         97%         1    ##.....
 Searing Ray              Conj           #.....       99%         2    ###....
 Dazzling Flash           Conj/Hex       #.....       100%        3    ####...
 Fulminant Prism          Conj/Hex       #.........   100%        4    #####..
 Iskenderun's Mystic Bla  Conj/Tloc      #.......     100%        4    #####..


Dungeon Overview and Level Annotations

Branches:
Dungeon (8/15)             Temple (1/1) D:5
   Lair: D:8-11

Altars:
Ashenzari
Cheibriados
Dithmenos
Elyvilon
Gozag
Kikubaaqudgha
Makhleb
Nemelex Xobeh
Okawaru
Qazlal
Ru
Uskayaw
Wu Jian
Xom
Yredelemnul
Zin
The Shining One

Shops:
D:4 [   D:5 [   D:7 *

Annotations:
D:6 2 transporters


Innate Abilities, Weirdness & Mutations

You reflexively headbutt those who attack you in melee.
You have a pair of horns on your head.


Message History

* * * LOW HITPOINT WARNING * * *
You feel as though you will be slow longer.
The hornet stings you but does no damage.
You feel very mighty all of a sudden. The hornet stings you!
* * * LOW HITPOINT WARNING * * *
The hornet barely misses you.
You hear an angry buzzing noise.
You are too injured to fight recklessly!
You slash the hornet!
You kill the hornet!
Makhleb accepts your kill.
Your Axes skill increases to level 14!
A soldier ant comes into view.
You block the soldier ant's attack.
A hornet comes into view.
You feel yourself speed up.
The hornet buzzes angrily.
The hornet stings you!
You die...

#.........#
#####.###.##
#......#
#####..#
###..#
##....#
#.....#
###.### #@##
#y#.# #.#a##
##a# #.# ##


You could see a hornet.

Vanquished Creatures
  A hornet (D:8)
  An orc warrior (D:6)
  4 sky beasts
  An ogre (D:7)
  2 centaurs (D:6)
  4 bullfrogs
  3 scorpions (D:5)
  3 wights (D:7)
  A howler monkey (D:5)
  A crimson imp (D:5)
  2 jellies (D:5)
  4 orc priests
  2 centaur skeletons
  4 hounds
  2 bullfrog skeletons
  2 orc wizards (D:7)
  Terence (D:2)
  8 worker ants
  Natasha (twice) (D:2)
  A killer bee zombie (D:5)
  A worker ant zombie (D:5)
  7 gnolls
  6 adders
  A shadow imp (D:8)
  2 oozes
  An adder skeleton (D:5)
  A worm (D:2)
  5 dart slugs
  7 leopard geckos
  23 orcs
  7 bats
  5 giant cockroaches
  9 goblins
  2 hobgoblins
  4 jackals (D:5)
  2 quokkas
  4 frilled lizards
  9 kobolds
  5 rats
150 creatures vanquished.

Vanquished Creatures (others)
  2 plants (D:8)
2 creatures vanquished.

Grand Total: 152 creatures vanquished

Notes
Turn   | Place    | Note
-------+----------+-------------------------------------------
     0 | D:1      | JayGee the Minotaur Fighter began the quest for the Orb.
     0 | D:1      | Reached XP level 1. HP: 19/19 MP: 0/0
   119 | D:1      | Reached XP level 2. HP: 27/27 MP: 1/1
   359 | D:1      | Reached skill level 3 in Axes
   556 | D:1      | Reached XP level 3. HP: 32/33 MP: 2/2
   706 | D:2      | Noticed Natasha
   726 | D:2      | Killed Natasha
   726 | D:2      | Reached skill level 4 in Axes
   839 | D:2      | Noticed Terence
   847 | D:2      | Killed Terence
   847 | D:2      | Reached XP level 4. HP: 36/40 MP: 3/3
  1076 | D:2      | Reached skill level 5 in Axes
  1107 | D:2      | Noticed Natasha
  1111 | D:2      | Killed Natasha
  1111 | D:2      | Reached XP level 5. HP: 46/46 MP: 4/4
  1382 | D:2      | Reached skill level 6 in Axes
  2597 | D:4      | Reached skill level 7 in Axes
  2597 | D:4      | Reached XP level 6. HP: 38/52 MP: 5/5
  2798 | D:4      | Found an ornate altar of the Wu Jian Council.
  2851 | D:4      | Found Xeul's Armour Shoppe.
  3185 | D:4      | Reached skill level 8 in Axes
  3715 | D:4      | Found an opulent altar of Gozag.
  3929 | D:5      | Entered Level 5 of the Dungeon
  3929 | D:5      | Found a staircase to the Ecumenical Temple.
  3938 | D:5      | Reached XP level 7. HP: 51/59 MP: 6/6
  4086 | D:5      | Reached skill level 9 in Axes
  4292 | Temple   | Entered the Ecumenical Temple
  4362 | Temple   | Became a worshipper of Makhleb the Destroyer
  4647 | D:5      | You fall into a shaft and drop 3 floors!
  4660 | D:8      | Reached skill level 10 in Axes
  5222 | D:7      | Reached XP level 8. HP: 61/66 MP: 7/7
  5233 | D:7      | Reached skill level 11 in Axes
  5295 | D:6      | Reached * piety under Makhleb
  5519 | D:5      | Found Ajycwoc's Antique Armour Boutique.
  5546 | D:5      | Bought a runed chain mail for 232 gold pieces
  5687 | D:5      | Reached skill level 12 in Axes
  6249 | D:6      | Found a shattered altar of Ashenzari.
  6250 | D:6      | Found a shadowy altar of Dithmenos.
  6250 | D:6      | Noticed a fire dragon
  6251 | D:6      | Found a snail-covered altar of Cheibriados.
  6254 | D:6      | Found a transporter.
  6296 | D:6      | Reached skill level 13 in Axes
  6438 | D:6      | Found a transporter.
  6692 | D:6      | Reached XP level 9. HP: 61/71 MP: 8/8
  7027 | D:7      | Found Luohaym's Assorted Antiques.
  7592 | D:8      | HP: 3/71 [hornet (12)]
  7593 | D:8      | Reached skill level 14 in Axes
  7594 | D:8      | Mangled by a hornet

Illustrated notes

Levels and vault maps discovered:
D:1:      heliophobic_arrival_henge, layout_basic
D:2:      layout_loops_ring, uniq_natasha, uniq_terence
D:3:      layout_basic, roderic_roman_lattice
D:4:      minmay_chambers_of_threes, layout_loops_ring, minitemple,
          serial_shops, nicolae_shop_temple_entry_statues_fountains
D:5:      layout_cave_pools, minmay_temple_entry_mist, first_ration,
          bh_chokoban, kennysheep_windowed_goal
D:6:      layout_basic, gammafunk_temple_overflow_arena
D:7:      layout_cave_pools, serial_shops, nicolae_shop_crystal
D:8:      layout_loops_ring, serial_shops, nicolae_shop_waterfront,
          hangedman_pestilent_swarm, serial_bayou_lake_a
Temple:   minmay_crystal_spiral_temple

Skill      XL: |  1  2  3  4  5  6  7  8  9 |
---------------+----------------------------+-----
Fighting       | 4 |  4.0
Armour         | 4 |  4.0
Shields        | 4 |  4.0
Axes           | 3 4 5 7 8 10 13 14 | 14.2

Action                   |  1- 3 |  4- 6 |  7- 9 || total
-------------------------+-------+-------+-------++-------
Melee: War axe           |    60 |   150 |   230 ||   440
       Headbutt          |    13 |    25 |    40 ||    78
Throw: Throwing net      |       |       |     1 ||     1
  Use: Scroll            |       |     4 |     5 ||     9
       Potion            |       |     2 |     2 ||     4
  Eat: Chunk             |       |     5 |     3 ||     8
       Ration            |       |     2 |     2 ||     4
Armor: Scale mail        |    28 |    52 |    52 ||   132
       Ring mail         |       |       |    10 ||    10
Dodge: Dodged            |    21 |    45 |    58 ||   124
Block: Kite shield       |    35 |    76 |    88 ||   199
